 Dungeon Crawl Stone Soup version 0.24.0-28-g17ded55e90 (webtiles) character file.

Game seed: 4475793298906062785, levelgen mode: deterministic

735 Curus the Basher (level 7, -7/62 HPs)
             Began as a Minotaur Monk on Nov 11, 2019.
             Mangled by Duvessa
             ... wielding a +0 short sword
              (10 damage)
             ... on level 4 of the Dungeon.
             The game lasted 00:17:32 (2820 turns).

Curus the Basher (Minotaur Monk)                    Turns: 2820, Time: 00:17:33

Health: -7/62      AC:  3    Str: 16    XL:     7   Next: 45%
Magic:  6/6        EV: 13    Int:  5    God:
Gold:   210        SH:  0    Dex: 14    Spells: 6/6 levels left

rFire    + . .     SeeInvis .   a - +0 mace
rCold    + . .     Gourm    .   (no shield)
rNeg     . . .     Faith    .   j - +0 leather armour
rPois    +         Spirit   .   (helmet unavailable)
rElec    +         Reflect  .   (no cloak)
rCorr    +         Harm     .   (no gloves)
MR       .....                  (no boots)
Stlth    ++........             (no amulet)
HPRegen  0.20/turn              (no ring)
MPRegen  0.10/turn              (no ring)

@: resistant
A: retaliatory headbutt, horns 3, dopey 1, robust 1, MP-powered wands
a: no special abilities


You were on level 4 of the Dungeon.
You were not hungry.

You visited 1 branch of the dungeon, and saw 4 of its levels.

You collected 210 gold pieces.

Inventory:

Hand Weapons
 a - a +0 mace (weapon)
 n - a -1 quarterstaff
Armour
 b - a +1 robe
 j - a +0 leather armour (worn)
Jewellery
 i - an uncursed ring of attention
Wands
 k - a wand of polymorph (4)
 o - a wand of paralysis (11)
Scrolls
 d - 3 scrolls of remove curse
 e - 2 scrolls of amnesia
 f - a scroll of blinking
Potions
 g - a potion of heal wounds
 h - 2 potions of degeneration
 l - a potion of invisibility
 m - a potion of curing
Comestibles
 c - 9 rations


   Skills:
 - Level 3.6 Fighting
 + Level 10.5 Maces & Flails
 - Level 3.2 Dodging
 - Level 1.5 Stealth


You had 6 spell levels left.
You didn't know any spells.
Your spell library was empty.

Dungeon Overview and Level Annotations

Branches:
Dungeon (4/15)
 Temple: D:4-7

Altars:
Ashenzari
Gozag
Ru
Sif Muna
Uskayaw

Annotations:
D:4 Duvessa


Innate Abilities, Weirdness & Mutations

You reflexively headbutt those who attack you in melee.
You have a pair of large horns on your head.
You are dopey. (Int -2)
You are robust. (+10% HP)
You expend magic power (3 MP) to strengthen your wands.


Message History

Duvessa barely misses you.
You sock Duvessa! You headbutt Duvessa.
Duvessa is heavily wounded.
Duvessa misses you. Duvessa hits you but does no damage.
You hit Duvessa but do no damage.
Duvessa is heavily wounded.
Duvessa hits you with a +0 short sword!
It was a potion of resistance.
You feel protected. Duvessa closely misses you.
You hit Duvessa.
Duvessa is heavily wounded.
Duvessa hits you with a +0 short sword.
* * * LOW HITPOINT WARNING * * *
Duvessa hits you with a +0 short sword!
* * * LOW HITPOINT WARNING * * *
You completely miss Duvessa. Your headbutt misses Duvessa.
Duvessa is heavily wounded.
Duvessa hits you with a +0 short sword!
You die...

#. #.# #.###.###.# .
...#.....# ..
#####(#.#####
..........<>...#
#..##.##..###.# #.
#.##....)....#
.####........)./.#
.........<).@e..#
.###.###...........#
.....####....#+###.....
.............#.# #####
.......)...###.#
.##...รท...###.#
#...........#
#......#.#..#
#..##.......#


You could see Duvessa (berserk).

Vanquished Creatures
  Menkaure (D:4)
  2 ogres
  Dowan (D:4)
  A centaur skeleton (D:4)
  An orc priest (D:4)
  4 orc wizards
  Jessica (D:3)
  A worker ant (D:3)
  7 adders
  2 oozes
  An adder skeleton (D:3)
  4 worms
  4 leopard geckos
  5 orcs (D:4)
  A ball python (D:1)
  11 bats
  3 giant cockroaches
  8 goblins
  8 hobgoblins
  5 jackals (D:2)
  3 quokkas
  7 frilled lizards
  8 kobolds
  4 rats
93 creatures vanquished.

Notes
Turn   | Place    | Note
-------+----------+-------------------------------------------
     0 | D:1      | Curus the Minotaur Monk began the quest for the Orb.
     0 | D:1      | Reached XP level 1. HP: 19/19 MP: 0/0
    43 | D:1      | Reached skill level 4 in Maces & Flails
    61 | D:1      | Reached XP level 2. HP: 18/26 MP: 1/1
   371 | D:1      | Reached skill level 5 in Maces & Flails
   591 | D:1      | Reached XP level 3. HP: 31/31 MP: 2/2
   926 | D:2      | Reached skill level 6 in Maces & Flails
   926 | D:2      | Reached XP level 4. HP: 37/39 MP: 3/3
  1039 | D:2      | Found an opulent altar of Gozag.
  1039 | D:2      | Found a shattered altar of Ashenzari.
  1040 | D:2      | Found a shimmering blue altar of Sif Muna.
  1121 | D:2      | Found a sacrificial altar of Ru.
  1422 | D:3      | Reached XP level 5. HP: 45/45 MP: 4/4
  1443 | D:3      | Reached skill level 7 in Maces & Flails
  1708 | D:3      | Noticed Jessica
  1716 | D:3      | Killed Jessica
  1732 | D:3      | Gained mutation: You are dopey. (Int -2) [potion of
                  | mutation]
  1732 | D:3      | Gained mutation: You have a pair of large horns on your
                  | head. [potion of mutation]
  1732 | D:3      | Gained mutation: You are robust. (+10% HP) [potion of
                  | mutation]
  1732 | D:3      | Gained mutation: You expend magic power (3 MP) to
                  | strengthen your wands. [potion of mutation]
  2104 | D:3      | Found a hide-covered altar of Uskayaw.
  2237 | D:4      | Noticed an ogre
  2240 | D:4      | Reached skill level 8 in Maces & Flails
  2247 | D:3      | Killed an ogre
  2247 | D:3      | Reached XP level 6. HP: 52/56 MP: 5/5
  2359 | D:4      | Reached skill level 9 in Maces & Flails
  2408 | D:4      | Reached XP level 7. HP: 31/62 MP: 6/6
  2574 | D:4      | Noticed Menkaure
  2584 | D:4      | Killed Menkaure
  2584 | D:4      | Reached skill level 10 in Maces & Flails
  2804 | D:4      | Noticed Dowan
  2808 | D:4      | Noticed Duvessa
  2811 | D:4      | Killed Dowan
  2819 | D:4      | HP: 2/62 [Duvessa/+0 short sword (11)]
  2820 | D:4      | Mangled by Duvessa

Levels and vault maps discovered:
D:1:      dpeg_arrival_oval, layout_loops_ring, grunt_decor_resistance
D:2:      layout_rooms, gammafunk_temple_overflow_claw, grunt_ministairs_1,
          nicolae_ru_great_annihilating_truth
D:3:      layout_rooms, nicolae_overflow_crystal_walls, minivault_26,
          uniq_jessica
D:4:      layout_basic, kennysheep_mini, serial_co_window_serial,
          co_window_paths_a, co_window_corner_a, co_window_paths_a,
          co_window_of_opportunity_a, co_window_cross_1,
          co_window_of_opportunity_b, co_window_broadway_a, co_window_corner_b,
          glass_columns_b, glass_columns_b, glass_columns_a, first_ration,
          kennysheep_generic_room_3, uniq_menkaure, uniq_duvessa, uniq_edmund

Skill      XL: |  1  2  3  4  5  6  7 |
---------------+----------------------+-----
Maces & Flails | 4 5 6 8 9 10 | 10.5
Fighting       | |  3.6
Dodging        | |  3.2
Stealth        | |  1.5

Action                   |  1- 3 |  4- 6 |  7- 9 || total
-------------------------+-------+-------+-------++-------
Melee: Mace              |    72 |   126 |    38 ||   236
       Headbutt          |     8 |    23 |     8 ||    39
  Use: Potion            |     4 |     2 |     1 ||     7
       Scroll            |     6 |     3 |       ||     9
 Stab: Sleeping          |     4 |       |       ||     4
  Eat: Chunk             |       |     5 |     1 ||     6
Armor: Robe              |    12 |     7 |       ||    19
       Leather armour    |       |     8 |     4 ||    12
Dodge: Dodged            |    46 |    71 |    17 ||   134
